 Dungeon Crawl Stone Soup version 0.27.0-1-g7a089689b8 (webtiles) character file.

Game seed: 14162826677225983519

179 lnt the Stinger (level 5, -6/35 HPs)
             Began as an Octopode Venom Mage on Aug 2, 2021.
             Killed by nerve-wracking pain
             ... invoked by an orc priest
              (9 damage)
             ... on level 4 of the Dungeon on Aug 3, 2021.
             The game lasted 00:14:53 (4441 turns).

lnt the Stinger (Octopode Venom Mage)               Turns: 4441, Time: 00:14:54

Health: -6/35      AC:  1    Str:  7    XL:     5   Next: 59%
Magic:  3/8        EV: 13    Int: 19    God:
Gold:   122        SH:  0    Dex: 12    Spells: 5/8 levels left

rFire    . . .     SeeInvis .   d - +0 dagger (flame)
rCold    . . .     Faith    .   (no shield)
rNeg     . . .     Spirit   .   (helmet restricted)
rPois    .         Reflect  .   (no amulet)
rElec    .         Harm     .   (no ring)
rCorr    .         Rampage  .   (no ring)
Will     .....                  (no ring)
Stlth    +++.......             (no ring)
HPRegen  0.11/turn              (no ring)
MPRegen  0.11/turn              (no ring)
                                (no ring)
                                (no ring)

@: flying
A: almost no armour, amphibious, 8 rings, camouflage 1, gelatinous body 1,
(nimble swimmer 1), tentacles
a: no special abilities


You were on level 4 of the Dungeon.
You visited 1 branch of the dungeon, and saw 4 of its levels.

You collected 122 gold pieces.

Inventory:

Hand Weapons
 a - a +0 dagger
 d - a +0 dagger of flaming (weapon)
Missiles
 l - 19 sling bullets
 m - 3 stones
Scrolls
 b - a scroll of immolation {unknown}
 e - a scroll of teleportation {unknown}
 f - 3 scrolls of identify {unknown}
 g - a scroll of enchant weapon {unknown}
 i - a scroll of noise {unknown}
 k - a scroll of vulnerability {unknown}
 o - a scroll of blinking {unknown}
Potions
 c - a potion of flight
 h - 2 potions of brilliance {unknown}
 j - a potion of curing {unknown}
 n - 2 potions of ambrosia {unknown}


   Skills:
 + Level 2.6 Fighting
 - Level 2.0 Dodging
 - Level 3.5 Stealth
 - Level 2.0 Spellcasting
 - Level 1.7 Transmutations
 * Level 5.7 Poison Magic


You had 5 spell levels left.
You knew the following spells:

 Your Spells              Type           Power      Damage    Failure   Level
a - Sting                 Tmut/Pois      64%        1d6       3%          1
b - Poisonous Vapours     Pois/Air       24%        N/A       8%          2

Your spell library contained the following spells:

 Spells                   Type           Power      Damage    Failure   Level
 Olgreb's Toxic Radiance  Pois           23%        N/A       16%         4
 Mephitic Cloud           Conj/Pois/Air  9%         N/A       24%         3
 Gell's Gravitas          Tloc           0%         N/A       45%         3
 Lesser Beckoning         Tloc           0%         N/A       45%         3
 Stone Arrow              Conj/Erth      2%         3d7       45%         3
 Teleport Other           Tloc           1%         N/A       45%         3
 Lehudib's Crystal Spear  Conj/Erth      0%         10d2      100%        8
 Animate Armour           Summ/Erth      Unusable   N/A       N/A         4

Dungeon Overview and Level Annotations

Branches:
Dungeon (4/15)
 Temple: D:4-7

Altars:
Kikubaaqudgha
Lugonu

Shops:
D:3 (

Portals:
Abyss: D:3

Annotations:
D:3 1 exclusion, Sigmund


Innate Abilities, Weirdness & Mutations

You cannot wear most types of armour.
You are amphibious.
You can wear up to eight rings at the same time.
Your skin changes colour to match your surroundings (Stealth+).
Your rubbery body absorbs attacks. (AC +1, EV +1)
((You are camouflaged near water. (Stealth+)))
You have tentacles for arms and can constrict up to eight enemies at once.


Message History

Poisonous vapours surround the orc!
The orc is poisoned.
The orc hits you with a +0 short sword.
Casting: Poisonous Vapours (safe; 8% risk of failure)
Confirm with . or Enter, or press ? or * to list all spells.
Aiming: Sting (safe; 3% risk of failure)
Press: ? - help, Shift-Dir - straight line, f/p - orc
Aim: an orc, wielding a +0 short sword and wearing a +0 chain mail (poisoned, 81% to hit)
The sting hits the orc but does no damage.
The orc looks even sicker.
The orc hits you with a +0 short sword.
You kill the orc!
The orc priest invokes the aid of Beogh against you.
Beogh smites you!
Casting: Sting (safe; 3% risk of failure)
Confirm with . or Enter, or press ? or * to list all spells.
Aiming: Poisonous Vapours (safe; 8% risk of failure)
Press: ? - help, Dir - move target, f - orc priest
Aim: an orc priest, wielding a +0 club Poisonous vapours surround the orc priest!
The orc priest is poisoned.
The orc priest mumbles some strange prayers to Beogh against you.
Pain shoots through your body!
* * * LOW HITPOINT WARNING * * *
It was a potion of flight.
You feel very buoyant.
You fly up into the air.
The orc priest looks more healthy.
Casting: Poisonous Vapours (safe; 8% risk of failure)
Confirm with . or Enter, or press ? or * to list all spells.
Aiming: Poisonous Vapours (safe; 8% risk of failure)
Press: ? - help, Dir - move target, f/p - orc priest
Aim: an orc priest, wielding a +0 club (severely wounded) Poisonous vapours surround the orc priest!
The orc priest is poisoned.
The orc priest looks more healthy.
The orc priest mumbles some strange prayers to Beogh against you.
Pain shoots through your body!
* * * LOW HITPOINT WARNING * * *
The orc priest calls down the wrath of Beogh upon you.
Pain shoots through your body!
You die...

.#...#o.##...#
.......###...###
#########..##..#
.)oo......###..#
##......#.o##..#
#.#######.o...#
...# ###o..##
.### ##...#####
# #...@...#
#.......#
#########


You could see an orc priest, an orc wizard and an orc.

Vanquished Creatures
  An iguana (D:4)
  6 adders
  A river rat (D:3)
  3 worms
  4 dart slugs
  4 orcs
  3 bats
  5 endoplasms
  A giant cockroach (D:1)
  5 goblins
  3 hobgoblins
  8 jackals
  2 quokkas (D:4)
  11 ball pythons
  6 frilled lizards
  2 kobolds (D:3)
  9 rats
74 creatures vanquished.

Vanquished Creatures (others)
  A lurking horror (D:3)
1 creature vanquished.

Grand Total: 75 creatures vanquished

Notes
Turn   | Place    | Note
-------+----------+-------------------------------------------
     0 | D:1      | lnt the Octopode Venom Mage began the quest for the Orb.
     0 | D:1      | Reached XP level 1. HP: 11/11 MP: 3/3
   136 | D:1      | Reached XP level 2. HP: 11/18 MP: 1/5
   406 | D:1      | Learned a level 2 spell: Poisonous Vapours
   604 | D:1      | Reached skill level 1 in Fighting
   901 | D:1      | Reached XP level 3. HP: 19/23 MP: 1/6
  1057 | D:1      | Found a faded altar of an unknown god.
  1726 | D:2      | Reached skill level 4 in Poison Magic
  2492 | D:3      | Reached XP level 4. HP: 11/29 MP: 4/7
  3089 | D:3      | Found an ancient bone altar of Kikubaaqudgha.
  3251 | D:3      | Found Huaxum's Antique Weapon Shop.
  3260 | D:3      | Reached skill level 5 in Poison Magic
  3351 | D:3      | Found a one-way gate to the infinite horrors of the Abyss.
  3356 | D:3      | Found a corrupted altar of Lugonu.
  3530 | D:3      | Noticed Sigmund
  3675 | D:3      | Reached XP level 5. HP: 30/35 MP: 3/8
  4441 | D:4      | Killed from afar by an orc priest

Illustrated notes

Levels and vault maps discovered:
D:1:      dpeg_arrival_rhombus, layout_basic, hellmonk_ecumenical_altar_run_dry
D:2:      layout_basic
D:3:      layout_basic, nicolae_kikubaaqudgha_miasma_corner,
          lightli_sewer_entry_pipes, serial_shops, nicolae_shop_waterfront,
          amcnicky_altar_lugonu_corruption, uniq_sigmund
D:4:      cheibrodos_pilgrimage, layout_rooms, fedhas_altar_1,
          amethyst_overflow_temple_binary, ebering_ghost_gozag, uniq_menkaure

Skill      XL: |  1  2  3  4 |
---------------+-------------+-----
Stealth        | 3 |  3.5
Fighting       | 1 2 |  2.6
Poison Magic   | 4 5 |  5.7
Dodging        | |  2.0
Spellcasting   | |  2.0
Transmutations | |  1.7

Action                   |  1- 3 |  4- 6 || total
-------------------------+-------+-------++-------
Melee: Unarmed           |     3 |       ||     3
       Constrict         |    15 |    11 ||    26
       Dagger            |    61 |    52 ||   113
       Tentacles         |     8 |    10 ||    18
 Cast: Sting             |    21 |     7 ||    28
       Poisonous Vapours |    12 |    26 ||    38
  Use: Potion            |       |     1 ||     1
 Stab: Sleeping          |     6 |     9 ||    15
Armor: Skin              |     1 |     1 ||     2
Dodge: Dodged            |    34 |    29 ||    63
